 Dungeon Crawl Stone Soup version 0.28.0-43-g3370ac3207 (webtiles) character file.

Game seed: 11183994597138103022

12892 mortz the Thaumaturge (level 11, -6/56 HPs)
             Began as a Deep Elf Air Elementalist on Mar 27, 2022.
             Was an Elder of Sif Muna.
             Mangled by an eight-headed hydra (8 damage)
             ... on level 1 of the Lair of Beasts on Mar 28, 2022.
             The game lasted 01:33:03 (14257 turns).

mortz the Thaumaturge (Deep Elf Air Elementalist)  Turns: 14257, Time: 01:33:03

Health: -6/56      AC:  9    Str:  5    XL:     11   Next: 68%
Magic:  14/30      EV: 13    Int: 35    God:    Sif Muna [****..]
Gold:   565        SH:  0    Dex: 15    Spells: 20/36 levels left

rFire   . . .      SeeInvis .   W - staff of air {!astaff}
rCold   . . .      Faith    .   (no shield)
rNeg    . . .      Spirit   .   S - +0 steam dragon scales
rPois   .          Reflect  .   h - +1 hat
rElec   +          Harm     .   (no cloak)
rCorr   .          Rampage  .   l - +0 pair of gloves
Will    +....                   (no boots)
Stlth   +++.......              (no amulet)
HPRegen 0.98/turn               D - +6 ring of intelligence
MPRegen 0.22/turn               F - +6 ring of intelligence

@: no status effects
A: iridescent scales 1, passive freeze, regeneration 1, weak 1
a: Renounce Religion, Channel Magic, Forget Spell, Divine Exegesis


You were on level 1 of the Lair of Beasts.
You worshipped Sif Muna.
Sif Muna was greatly pleased with you.
You visited 3 branches of the dungeon, and saw 13 of its levels.
You also visited: Sewer.

You collected 621 gold pieces.
You spent 56 gold pieces at shops.


Innate Abilities, Weirdness & Mutations

You are partially covered in iridescent scales. (AC +2)
A frigid envelope surrounds you and freezes all who hurt you.
Your natural rate of healing is unusually fast.
You are weak. (Str -2)


   Skills:
 + Level 1.1 Fighting
 * Level 5.9 Short Blades
 + Level 3.1 Armour
 + Level 3.6 Dodging
 + Level 4.0 Stealth
 + Level 13.2 Spellcasting
 + Level 8.5 Conjurations
 + Level 0.2 Translocations
 + Level 10.3 Air Magic
 + Level 2.1 Poison Magic
 * Level 6.0 Invocations


You had 20 spell levels left.
You knew the following spells:

 Your Spells              Type           Power      Damage    Failure   Level
a - Shock                 Conj/Air       100%       1d9       1%          1
b - Static Discharge      Conj/Air       93%        N/A       1%          2
c - Swiftness             Air            97%        N/A       1%          3
d - Poisonous Vapours     Pois/Air       100%       N/A       1%          2
e - Airstrike             Air            48%        N/A       1%          4
f - Iskenderun's Mystic   Conj/Tloc      52%        2d11      3%          4

Your spell library contained the following spells:

 Spells                   Type           Power      Damage    Failure   Level
 Sting                    Tmut/Pois      100%       1d8       1%          1
 Dazzling Flash           Conj/Hex       100%       N/A       1%          3
 Olgreb's Toxic Radiance  Pois           38%        N/A       8%          4
 Irradiate                Conj/Tmut      26%        3d22      9%          5
 Starburst                Conj/Fire      26%        6d8       43%         6
 Blade Hands              Tmut           11%        N/A       45%         5
 Dragon Form              Tmut           11%        N/A       100%        7

Inventory:

Hand Weapons
 j - a +4 spear {polearm}
   (You took it off a wight on level 9 of the Dungeon)
 q - a +5 short sword {short}
   (You took it off a wight on level 9 of the Dungeon)
 w - the +4 short sword of the Onslaught {vorpal, Dex+4, short}
   (You found it on level 4 of the Dungeon)

   It inflicts extra damage upon your enemies.
   Dex:       It affects your dexterity (+4).
 B - a +5 mace {mace}
   (You took it off a wight on level 9 of the Dungeon)
 J - a +1 great sword {long}
   (You took it off a wight on level 9 of the Dungeon)
 U - a +1 long sword of electrocution {long}
   (You took it off a wight on level 8 of the Dungeon)
Missiles
 r - 8 poisoned darts {throwing}
Armour
 d - a +0 leather armour of poison resistance
   (You took it off Ijyb on level 3 of the Dungeon)
 e - a +2 chain mail of positive energy
   (You took it off an orc on level 9 of the Dungeon)
 h - a +1 hat (worn)
   (You found it on level 9 of the Dungeon)
 l - a +0 pair of gloves (worn)
   (You found it on level 2 of the Dungeon)
 n - a +0 scale mail
   (You found it on level 2 of the Dungeon)
 K - a +0 plate armour
   (You took it off an orc warrior on level 7 of the Dungeon)
 S - +0 steam dragon scales (worn)
   (You found it on level 8 of the Dungeon)
 V - a +3 ring mail
   (You found it on level 8 of the Dungeon)
Magical Staves
 R - a staff of cold {!astaff}
   (You found it on level 8 of the Dungeon)
 W - a staff of air (weapon) {!astaff}
   (You took it off a centaur on level 11 of the Dungeon)
Jewellery
 b - a ring of protection from fire
   (You found it on level 4 of the Dungeon)
 D - a +6 ring of intelligence (left hand)
   (You took it off an orc on level 9 of the Dungeon)
 F - a +6 ring of intelligence (right hand)
   (You took it off an orc warrior on level 7 of the Dungeon)
Wands
 f - a wand of acid (11)
   (You took it off a kobold on level 8 of the Dungeon)
 k - a wand of digging (8)
   (You took it off Ijyb on level 3 of the Dungeon)
 m - a wand of paralysis (1)
   (You found it on level 4 of the Dungeon)
 Q - a wand of charming (5)
   (You found it on level 8 of the Dungeon)
 X - a wand of iceblast (3)
   (You took it off a wight on level 9 of the Dungeon)
Scrolls
 a - a scroll of amnesia
 i - 2 scrolls of magic mapping {!r}
 p - 2 scrolls of teleportation {@r4}
 s - a scroll of silence {!r}
 v - 2 scrolls of enchant weapon
 y - 2 scrolls of fear
 A - a scroll of identify {@r1}
 E - a scroll of holy word
 L - a scroll of summoning
 P - 2 scrolls of vulnerability {!r!r}
 T - a scroll of blinking {unknown}
Potions
 c - a potion of ambrosia {unknown}
 g - a potion of might {unknown}
 o - a potion of mutation {!q}
 t - 2 potions of resistance
 u - 2 potions of flight
 x - a potion of magic
 z - a potion of cancellation {unknown}
 C - a potion of brilliance {unknown}
 G - 3 potions of lignification {!q}
 H - a potion of invisibility {unknown}
 M - a potion of curing {@q1}
 N - a potion of haste {unknown}
 O - a potion of degeneration {unknown}
Miscellaneous
 I - a phantom mirror
   (You found it on level 11 of the Dungeon)

Dungeon Overview and Level Annotations

Branches:
Dungeon (11/15)            Temple (1/1) D:7            Lair (1/6) D:9
    Orc (0/2) D:11          Sewer (visited)

Altars:
Ashenzari
Cheibriados
Dithmenos
Elyvilon
Fedhas
Gozag
Hepliaklqana
Kikubaaqudgha
Makhleb
Nemelex Xobeh
Okawaru
Qazlal
Ru
Sif Muna
Trog
Uskayaw
Vehumet
Wu Jian
Xom
Yredelemnul
Zin
The Shining One

Shops:
D:5 :   D:10 (?

Annotations:
D:3 1 runed translucent door, Crazy Yiuf
D:9 2 transporters, Gastronok

..#....#....
.#....#...
####.....#.. .
.........#.###.#
................
................
.......DF.......
.....†F@........
P.......####+###
P≈.....†#
≈≈≈......
P≈≈♣....#
........P
≈≈≈≈....+
≈≈P....#


You could see an eight-headed hydra (slow), a cane toad and a bullfrog.


Message History

Aim: a five-headed hydra You feel a surge of power!
The five-headed hydra cannot be affected by poisonous vapours!
Unknown command.
Casting: Poisonous Vapours (safe; 1% risk of failure)
Confirm with . or Enter, or press ? or * to list all spells.
Okay, then.
Casting: Poisonous Vapours (safe; 1% risk of failure)
Confirm with . or Enter, or press ? or * to list all spells.
You erupt in a blast of force!
The mystic blast hits the five-headed hydra!
The five-headed hydra is knocked back by the mystic blast.
The mystic blast hits the komodo dragon.
The komodo dragon is knocked back by the mystic blast.
You hear a loud, deep croak!
You hear a croak. 😎 MP[-4]
You lost 4 mp, and now have 25/29 mp.
A cane toad and a komodo dragon come into view.
A bullfrog comes into view.
There is a staircase back to the Dungeon here.
Casting: Iskenderun's Mystic Blast (dangerous; 3% risk of failure)
Confirm with . or Enter, or press ? or * to list all spells.
Aiming: Airstrike (safe; 1% risk of failure)
Press: ? - help, Dir - move target, f/p - five-headed hydra
Aim: a five-headed hydra (lightly wounded, empty space bonus: 6/8)
Okay, then.
Casting: Airstrike (safe; 1% risk of failure)
Confirm with . or Enter, or press ? or * to list all spells.
You erupt in a blast of force!
The mystic blast hits the komodo dragon!
The komodo dragon is knocked back by the mystic blast.
The mystic blast hits the five-headed hydra!
The mystic blast hits the komodo dragon.
The komodo dragon is knocked back by the mystic blast.
The komodo dragon collides with the komodo dragon!
The five-headed hydra barely misses you.
The five-headed hydra bites you!
The five-headed hydra is very cold.
The five-headed hydra seems to slow down.
The five-headed hydra misses you.
The five-headed hydra barely misses you.
The five-headed hydra bites you!
The five-headed hydra is very cold. 😮 HP[-17] MP[-4]
You take 17 damage, and now have 39/56 hp.
MASSIVE DAMAGE!! (PAUSE)
You lost 4 mp, and now have 21/29 mp.
Casting: Iskenderun's Mystic Blast (dangerous; 3% risk of failure)
Confirm with . or Enter, or press ? or * to list all spells.
You erupt in a blast of force!
The mystic blast hits the komodo dragon!!
The komodo dragon is knocked back by the mystic blast.
The komodo dragon collides with the komodo dragon!
You kill the komodo dragon!
Sif Muna accepts your kill.
The mystic blast hits the five-headed hydra!
The five-headed hydra bites you!
* * * LOW HITPOINT WARNING * * *
The five-headed hydra misses you.
The five-headed hydra closely misses you.
The five-headed hydra bites you!
* * * LOW HITPOINT WARNING * * *
The five-headed hydra is very cold.
The five-headed hydra seems to slow down.
The five-headed hydra bites you but does no damage.
The five-headed hydra is very cold.
The five-headed hydra seems to slow down.
Your Spellcasting skill increases to level 13! 😨 HP[-23] MP[-4]
You take 23 damage, and now have 16/56 hp.
MASSIVE DAMAGE!! (PAUSE)
You lost 4 mp, and now have 17/30 mp.
Casting: Iskenderun's Mystic Blast (dangerous; 3% risk of failure)
Confirm with . or Enter, or press ? or * to list all spells.
You erupt in a blast of force!
The mystic blast hits the eight-headed hydra!
The mystic blast hits the komodo dragon!
You kill the komodo dragon!
Sif Muna accepts your kill.
The mystic blast hits the five-headed hydra!
The five-headed hydra is knocked back by the mystic blast.
The five-headed hydra collides with the cane toad!
You kill the five-headed hydra!
Sif Muna accepts your kill.
You hear an angry hiss.
You hear a croak.
Your Invocations skill increases to level 6! 😨 HP[+1] MP[-3]
You lost 3 mp, and now have 14/30 mp.
The eight-headed hydra bites you but does no damage.
The eight-headed hydra is very cold.
The eight-headed hydra seems to slow down.
The eight-headed hydra bites you but does no damage.
The eight-headed hydra is very cold.
The eight-headed hydra seems to slow down.
The eight-headed hydra bites you!
* * * LOW HITPOINT WARNING * * *
The eight-headed hydra is very cold.
The eight-headed hydra bites you.
* * * LOW HITPOINT WARNING * * *
The eight-headed hydra is very cold.
The eight-headed hydra seems to slow down.
The eight-headed hydra bites you!
You die...

Skill      XL: |  1  2  3  4  5  6  7  8  9 10 11 |
---------------+----------------------------------+-----
Air Magic      | 4 5 6 7 8 9 10 | 10.3
Spellcasting   | 4 5 6 7 8 10 11 13 | 13.2
Stealth        | 3 4 |  4.0
Conjurations   | 2 3 4 5 7 8 |  8.5
Armour         | 1 2 3 |  3.1
Dodging        | 3 |  3.6
Invocations    | 3 4 6 |  6.0
Short Blades   | 2 5 |  5.9
Poison Magic   | 1 2 |  2.1
Fighting       | 1 |  1.1
Translocations | |  0.2

Action                   |  1- 3 |  4- 6 |  7- 9 | 10-12 || total
-------------------------+-------+-------+-------+-------++-------
Melee: Short sword       |       |       |     4 |       ||     4
       Punch             |       |       |     1 |       ||     1
 Cast: Shock             |    75 |    80 |   194 |   253 ||   602
       Static Discharge  |     2 |    21 |    53 |    87 ||   163
       Poisonous Vapours |       |       |     4 |    13 ||    17
       Airstrike         |       |       |       |    25 ||    25
       Iskenderun's Myst |       |       |       |     6 ||     6
Evoke: Wand              |       |       |     1 |       ||     1
  Use: Potion            |       |     8 |       |       ||     8
       Scroll            |       |       |     1 |    12 ||    13
Armor: Robe              |     1 |     2 |       |       ||     3
       Leather armour    |       |     4 |    14 |     1 ||    19
       Steam dragon scal |       |       |       |    22 ||    22
Dodge: Dodged            |     4 |    11 |    37 |    71 ||   123

Levels and vault maps discovered:
D:1:      saegor_arrival_under_anarchy, layout_basic,
          dilly_ecumenical_altar_fadedgnrine, chequers_jeans
D:2:      layout_basic, basic_altar
D:3:      layout_loops_ring, gup_sewer_entry_bowl, roderic_batcave,
          uniq_crazy_yiuf_cottage, uniq_ijyb
D:4:      layout_loops_corners, mainiacjoe_overflow_24_doors,
          mainiacjoe_overflow_tiny_flanked, okawaru_trees_2
D:5:      layout_cave_pools, mainiacjoe_overflow_catwalk, serial_shops,
          nicolae_stop_n_shop_2
D:6:      layout_layer_cave, uniq_pikel
D:7:      layout_basic, minmay_temple_entry_drinking_statues, minivault_4,
          uniq_duvessa
D:8:      layout_rooms, serial_ice, serial_ice_n, serial_ice_o, serial_ice_i,
          serial_ice_f, serial_ice_h, serial_ice_c, kennysheep_diamond
D:9:      gammafunk_boulding_lane, layout_small_grid,
          gammafunk_temple_overflow_statue, lair_entry_dummy,
          minmay_misc_feat_more_columns, uniq_gastronok
D:10:     layout_basic, mainiacjoe_overflow_chevrons, lemuel_round_altar,
          kennysheep_mini_moat, serial_shops, nicolae_shop_bloodbath_and_beyond,
          nicolae_shop_statue_plus
D:11:     minmay_complete_graph, layout_irregular_city, orc_0_dummy,
          nicolae_wwwww
Temple:   oiseaux_autumnal_temple
Lair:1:   layout_regular_city, st_stairs_13, serial_bayou_lagoon_b, uniq_harold

Notes
Turn   | Place    | Note
-------+----------+-------------------------------------------
     0 | D:1      | mortz the Deep Elf Air Elementalist began the quest for the
                  | Orb.
     0 | D:1      | Reached XP level 1. HP: 10/10 MP: 6/6
     0 | D:1      | magus.rc [v1.9.6]
   248 | D:1      | Reached XP level 2. HP: 15/15 MP: 1/8
   311 | D:1      | Learned a level 2 spell: Static Discharge
   680 | D:1      | Found a faded altar of an unknown god.
  1377 | D:2      | Reached XP level 3. HP: 19/19 MP: 2/9
  1639 | D:2      | Found an opulent altar of Gozag.
  1784 | D:2      | Reached skill level 4 in Air Magic
  2058 | D:3      | Reached XP level 4. HP: 23/24 MP: 4/11
  2165 | D:3      | Reached skill level 4 in Spellcasting
  2275 | D:3      | Reached skill level 3 in Stealth
  2330 | D:3      | Found a glowing drain.
  2334 | Sewer    | Entered a sewer
  2785 | Sewer    | Reached XP level 5. HP: 28/28 MP: 4/14
  2986 | Sewer    | Gained mutation: You have a beak for a mouth. [potion of
                  | mutation]
  2986 | Sewer    | Gained mutation: You are robust. (+10% HP) [potion of
                  | mutation]
  3202 | Sewer    | Lost mutation: You are robust. (+10% HP) [potion of
                  | mutation]
  3202 | Sewer    | Lost mutation: You have a beak for a mouth. [potion of
                  | mutation]
  3202 | Sewer    | Gained mutation: You are partially covered in iridescent
                  | scales. (AC +2) [potion of mutation]
  3202 | Sewer    | Gained mutation: A frigid envelope surrounds you and
                  | freezes all who hurt you. [potion of mutation]
  3202 | Sewer    | Gained mutation: You are weak. (Str -2) [potion of
                  | mutation]
  3202 | Sewer    | Gained mutation: Your natural rate of healing is unusually
                  | fast. [potion of mutation]
  3384 | D:3      | Reached skill level 2 in Conjurations
  3452 | D:3      | Reached skill level 5 in Spellcasting
  3454 | D:3      | Reached skill level 5 in Air Magic
  3658 | D:3      | Reached XP level 6. HP: 32/32 MP: 13/16
  3822 | D:3      | Noticed Ijyb
  3829 | D:3      | Killed Ijyb
  3911 | D:3      | Found a runed translucent door.
  3912 | D:3      | Noticed Crazy Yiuf
  4032 | D:4      | Reached skill level 3 in Conjurations
  4093 | D:4      | Found a hazy altar of Hepliaklqana.
  4136 | D:4      | Reached skill level 6 in Spellcasting
  4166 | D:4      | Reached XP level 7. HP: 26/36 MP: 3/18
  4379 | D:4      | Reached skill level 7 in Spellcasting
  4379 | D:4      | Reached skill level 4 in Conjurations
  4472 | D:4      | Found an iron altar of Okawaru.
  4477 | D:4      | Reached skill level 1 in Armour
  4703 | D:4      | Found a shimmering blue altar of Sif Muna.
  4706 | D:4      | Identified the +4 short sword of the Onslaught {vorpal,
                  | Dex+4}
  4713 | D:4      | Became a worshipper of Sif Muna the Loreminder
  4728 | D:4      | Reached skill level 6 in Air Magic
  5203 | D:5      | Entered Level 5 of the Dungeon
  5203 | D:5      | Found Dapommirr's Book Emporium.
  5340 | D:5      | Reached skill level 3 in Dodging
  5458 | D:5      | Found a snail-covered altar of Cheibriados.
  5463 | D:5      | You add the spells Sting, Poisonous Vapours and Olgreb's
                  | Toxic Radiance to your library.
  5468 | D:5      | Learned a level 3 spell: Swiftness
  5471 | D:5      | Learned a level 2 spell: Poisonous Vapours
  5476 | D:5      | Learned a level 4 spell: Airstrike
  5638 | D:5      | Reached XP level 8. HP: 39/41 MP: 11/21
  5941 | D:6      | Noticed Pikel
  5948 | D:6      | Killed Pikel
  5949 | D:6      | Reached skill level 2 in Armour
  5949 | D:6      | Reached skill level 8 in Spellcasting
  5949 | D:6      | Reached skill level 5 in Conjurations
  5949 | D:6      | Reached skill level 7 in Air Magic
  6808 | D:6      | HP: 10/42 [/static electricity (3)]
  6809 | D:6      | Reached XP level 9. HP: 12/46 MP: 7/23
  7070 | D:6      | Reached skill level 9 in Spellcasting
  7216 | D:6      | Reached skill level 8 in Air Magic
  7380 | D:7      | Reached skill level 6 in Conjurations
  7471 | D:7      | Reached * piety under Sif Muna
  7621 | D:7      | You pick up a book of Spectacle and begin reading...
  7621 | D:7      | You add the spells Dazzling Flash, Iskenderun's Mystic
                  | Blast and Starburst to your library.
  7689 | D:7      | Reached skill level 1 in Invocations
  7737 | D:7      | Noticed Duvessa
  7737 | D:7      | Noticed Dowan
  7753 | D:7      | Killed Dowan
  7909 | D:7      | Reached skill level 3 in Armour
  7916 | D:7      | Reached skill level 1 in Short Blades
  7916 | D:7      | Reached skill level 2 in Invocations
  8195 | D:7      | Reached skill level 2 in Short Blades
  8418 | D:7      | Reached skill level 3 in Invocations
  8496 | D:7      | Found a staircase to the Ecumenical Temple.
  8504 | Temple   | Entered the Ecumenical Temple
  8820 | D:7      | Reached skill level 7 in Conjurations
  9012 | D:7      | Reached skill level 4 in Stealth
  9232 | D:7      | Killed Duvessa
  9233 | D:7      | Reached skill level 10 in Spellcasting
  9233 | D:7      | Reached XP level 10. HP: 38/51 MP: 12/26
  9372 | D:8      | Reached ** piety under Sif Muna
  9477 | D:8      | Reached skill level 3 in Short Blades
 10034 | D:8      | Learned a level 4 spell: Iskenderun's Mystic Blast
 10037 | D:8      | Found a white marble altar of Elyvilon.
 10052 | D:8      | Reached skill level 9 in Air Magic
 10052 | D:8      | Reached skill level 1 in Poison Magic
 10058 | D:8      | Reached skill level 4 in Short Blades
 10294 | D:8      | You pick up a book of Transfigurations {@e2} and begin
                  | reading...
 10294 | D:8      | You add the spells Irradiate, Blade Hands and Dragon Form
                  | to your library.
 10381 | D:8      | Reached *** piety under Sif Muna
 10382 | D:8      | Reached skill level 11 in Spellcasting
 10502 | D:8      | Reached skill level 4 in Invocations
 11043 | D:9      | Noticed Gastronok
 11173 | D:9      | Reached skill level 5 in Short Blades
 11697 | D:9      | Reached skill level 8 in Conjurations
 11697 | D:9      | Reached XP level 11. HP: 55/55 MP: 20/28
 11806 | D:9      | Found a staircase to the Lair.
 11876 | D:9      | Found an ancient bone altar of Kikubaaqudgha.
 11876 | D:9      | Found a glowing golden altar of the Shining One.
 11948 | D:9      | Reached skill level 5 in Invocations
 11952 | D:9      | Reached **** piety under Sif Muna
 12129 | D:9      | Found a transporter.
 12130 | D:9      | Found a transporter.
 12131 | D:9      | Noticed a boulder beetle
 12254 | D:9      | Paralysed by a hornet for 1 turns
 12562 | D:10     | Entered Level 10 of the Dungeon
 12581 | D:10     | Reached skill level 1 in Fighting
 12732 | D:10     | Found an opulent altar of Gozag.
 12742 | D:10     | Found Teriarr's Magic Scroll Shop.
 12782 | D:10     | Bought a scroll of identify for 28 gold pieces
 12782 | D:10     | Bought a scroll of identify for 28 gold pieces
 12833 | D:10     | Found a basalt altar of Yredelemnul.
 12884 | D:10     | Reached skill level 12 in Spellcasting
 12996 | D:10     | Found Tifasuad's Weapon Boutique.
 13415 | D:10     | Found a broken altar of Ashenzari.
 13439 | D:10     | magus.rc [v1.9.6]
 13617 | D:11     | Noticed a boulder beetle
 13632 | D:11     | Killed a boulder beetle
 13633 | D:11     | Reached skill level 10 in Air Magic
 13656 | D:11     | Reached skill level 2 in Poison Magic
 14010 | D:11     | Found a staircase to the Orcish Mines.
 14053 | D:11     | Noticed an ogre mage
 14250 | Lair:1   | Entered Level 1 of the Lair of Beasts
 14250 | Lair:1   | Noticed a five-headed hydra
 14251 | Lair:1   | Noticed an eight-headed hydra
 14256 | Lair:1   | Reached skill level 13 in Spellcasting
 14256 | Lair:1   | Killed a five-headed hydra
 14257 | Lair:1   | Reached skill level 6 in Invocations
 14257 | Lair:1   | HP: 8/56 [eight-headed hydra (10)]
 14257 | Lair:1   | HP: 2/56 [eight-headed hydra (6)]
 14257 | Lair:1   | Mangled by an eight-headed hydra

Vanquished Creatures
  A boulder beetle (D:11)
  A hydra (Lair:1)
  Pikel (D:6)
  A cyclops (D:11)
  3 komodo dragons
  A polar bear (D:8)
  A hornet (D:8)
  A wraith (D:9)
  3 wyverns
  A vampire (D:11)
  16 yaks
  2 steam dragons (D:8)
  2 vampire mosquitoes (D:11)
  A water moccasin (D:7)
  Duvessa (D:7)
  5 orc warriors
  A sky beast (D:6)
  6 ice beasts
  6 ogres
  A black bear (D:7)
  A wolf (D:8)
  2 necrophages
  A phantom (D:4)
  2 centaurs
  3 kobold brigands
  2 bullfrogs (D:9)
  2 scorpions
  A wyvern zombie (D:8)
  Dowan (D:7)
  A water moccasin skeleton (D:7)
  15 killer bees
  A howler monkey (D:9)
  3 vampire bats (D:3)
  8 wights
  6 electric eels (D:8)
  4 centaur zombies
  8 orc priests
  A wyvern simulacrum (D:8)
  2 hounds
  3 iguanas
  Ijyb (D:3)
  2 centaur skeletons
  A bullfrog skeleton (D:6)
  2 gnoll shamans
  6 orc wizards
  A killer bee zombie (D:5)
  2 centaur simulacra (D:8)
  2 howler monkey zombies
  8 gnolls
  A river rat (Sewer)
  5 adders
  6 white imps
  A howler monkey simulacrum (D:8)
  4 ufetubi
  5 worms
  2 dart slugs (D:1)
  25 orcs
  5 endoplasms
  4 giant cockroaches
  3 goblins
  4 hobgoblins
  6 jackals
  14 kobolds
  6 quokkas
  7 ball pythons
  8 bats
  A frilled lizard (D:3)
  14 rats
268 creatures vanquished.

Table legend:
 A = Non-vault XP
 B = Vault XP
 C = Vault XP percentage of total XP
 D = Non-vault monster count
 E = Vault monster count
 F = Vault count percentage of total count
                 A         B        C        D         E       F
            +---------+---------+-------+---------+---------+-------
      Total |   14632 |    3786 |  20.6 |     212 |      56 |  20.9
            +---------+---------+-------+---------+---------+-------
        D:1 |      25 |       0 |   0.0 |      14 |       0 |   0.0
        D:2 |      40 |       0 |   0.0 |      13 |       0 |   0.0
        D:3 |      64 |     221 |  77.5 |      16 |      13 |  44.8
        D:4 |     855 |       0 |   0.0 |      19 |       0 |   0.0
        D:5 |     212 |       0 |   0.0 |       7 |       0 |   0.0
        D:6 |    1091 |     651 |  37.4 |      11 |       1 |   8.3
        D:7 |    2239 |     205 |   8.4 |      41 |       2 |   4.7
        D:8 |    2706 |    1448 |  34.9 |      27 |      21 |  43.8
        D:9 |    2221 |       0 |   0.0 |      31 |       0 |   0.0
       D:10 |    2403 |       0 |   0.0 |      21 |       0 |   0.0
       D:11 |    1233 |    1185 |  49.0 |       9 |       4 |  30.8
     Lair:1 |    1543 |       0 |   0.0 |       3 |       0 |   0.0
      Sewer |       0 |      76 | 100.0 |       0 |      15 | 100.0
            +---------+---------+-------+---------+---------+-------

Illustrated notes

Table legend:
 A = Kills in this place as a percentage of kills in entire the game.
 B = Kills by you in this place as a percentage of kills by you in the entire game.
 C = Kills by friends in this place as a percentage of kills by friends in the entire game.
 D = Other kills in this place as a percentage of other kills in the entire game.
 E = Experience gained in this place as a percentage of experience gained in the entire game.
 F = Experience gained in this place divided by the number of levels of this place that you have seen.
                   A       B       C       D       E      F
               +-------+-------+-------+-------+-------+----------------------
         Total | 100.0 | 100.0 |   N/A |   N/A | 100.0 | 1315.6
       Dungeon |  93.3 |  93.3 |   N/A |   N/A |  91.2 | 1527.2
          Lair |   1.1 |   1.1 |   N/A |   N/A |   8.4 | 1543.0
         Sewer |   5.6 |   5.6 |   N/A |   N/A |   0.4 |  76.0
               +-------+-------+-------+-------+-------+----------------------

Table legend: (Time is in decaauts)
 A = Elapsed time spent in this place.
 B = Non-inter-level travel time spent in this place.
 C = Inter-level travel time spent in this place.
 D = Time resting spent in this place.
 E = Time spent auto-exploring this place.
 F = Levels seen in this place.
 G = Mean time per level.
                   A        B        C        D        E       F      G
               +--------+--------+--------+--------+--------+-----+--------+
         Total |  14386 |  13861 |    525 |   3370 |   8029 |  14 | 1027.6 |
       Dungeon |  13075 |  12604 |    471 |   3038 |   7294 |  11 | 1188.6 |
        Temple |    304 |    250 |     54 |      0 |    230 |   1 |  304.0 |
          Lair |      6 |      6 |      0 |      0 |      0 |   1 |    6.0 |
         Sewer |   1000 |   1000 |      0 |    331 |    504 |   1 | 1000.0 |
               +--------+--------+--------+--------+--------+-----+--------+

Top non-repeatable levels by time:
     D:8: 1927 daAuts
     D:7: 1741 daAuts
     D:6: 1383 daAuts
     D:9: 1345 daAuts
     D:4: 1328 daAuts
     D:3: 1142 daAuts
   Sewer: 1000 daAuts
     D:2: 954 daAuts
     D:1: 943 daAuts
    D:10: 920 daAuts
    D:11: 704 daAuts
     D:5: 684 daAuts
  Temple: 304 daAuts
  Lair:1: 6 daAuts
